 Seeded DCSS version 0.30-a0-390-g80c34de65d (webtiles) character file.

Game seed: 15918642794639691568 (custom seed)

6598 purpskrrrp the Destroyer (level 10, -11/56 HPs)
             Began as a Demonspawn Conjurer on Dec 4, 2022.
             Was a Priest of Hepliaklqana.
             Killed from afar by Maggie (33 damage)
             ... with a bolt of fire
             ... on level 9 of the Dungeon.
             The game lasted 00:32:04 (12058 turns).

purpskrrrp the Destroyer (Demonspawn Conjurer)     Turns: 12058, Time: 00:32:05

Health: -11/56     AC:  5    Str: 12    XL:     10   Next: 71%
Magic:  1/23       EV: 19    Int: 30    God:    Hepliaklqana [***...]
Gold:   281        SH:  0    Dex: 11    Spells: 17/27 levels left

rFire   . . .      SeeInvis .    y - +5 dagger
rCold   . . .      Faith    .    p - orb {light}
rNeg    . . .      Spirit   .    B - +0 steam dragon scales
rPois   +          Reflect  .    (helmet restricted)
rElec   .          Harm     .    (no cloak)
rCorr   .          Rampage  .    (no gloves)
Will    .....                    (no boots)
Stlth   +.........               D - amulet of the acrobat
HPRegen 0.29/turn                i - +4 ring of evasion
MPRegen 0.18/turn                u - +6 ring of intelligence

@: glowing
A: reduced essence, horns 2, big brain 1, demonic magic 2, poison resistance,
strong 1
a: Renounce Religion, Recall Ancestor, Ancestor Identity, Transference


You were on level 9 of the Dungeon.
You worshipped Hepliaklqana.
Hepliaklqana was most pleased with you.
You visited 1 branch of the dungeon, and saw 9 of its levels.

You collected 341 gold pieces.
You spent 60 gold pieces at shops.

Inventory:

Hand Weapons
 f - a +1 whip of flaming
 t - a +4 whip
 y - a +5 dagger (weapon)
Armour
 a - a +1 robe
 g - a +2 robe of willpower
 p - an orb of light (worn)
 B - +0 steam dragon scales (worn)
Jewellery
 i - a +4 ring of evasion (left hand)
 n - an amulet of faith
 u - a +6 ring of intelligence (right hand)
 A - a ring of protection from fire
 D - an amulet of the acrobat (around neck)
 F - the ring of the Unkillable {rF+ rN+ Int-3 Dex+3}
   (You found it on level 9 of the Dungeon)

   [ring of protection from fire]

   Int:       It affects your intelligence (-3).
   Dex:       It affects your dexterity (+3).
   rF:        It protects you from fire.
   rN:        It protects you from negative energy.
Wands
 C - a wand of roots (11)
Scrolls
 h - 3 scrolls of teleportation
 m - 2 scrolls of amnesia
 r - 2 scrolls of blinking
 s - 2 scrolls of poison
 v - a scroll of summoning
 w - 2 scrolls of magic mapping
 x - a scroll of butterflies
 E - a scroll of identify
Potions
 b - a potion of magic
 c - 5 potions of attraction
 d - a potion of might {unknown}
 e - 2 potions of lignification
 j - 2 potions of heal wounds
 k - a potion of degeneration
 l - 4 potions of curing
 o - a potion of flight {unknown}
 q - a potion of berserk rage
 z - a potion of ambrosia {unknown}
 G - a potion of cancellation {unknown}


   Skills:
 + Level 9.0 Dodging
 - Level 1.7 Stealth
 + Level 9.0 Spellcasting
 + Level 10.3 Conjurations


You had 17 spell levels left.
You knew the following spells:

 Your Spells              Type           Power      Damage    Failure   Level
a - Magic Dart            Conj           100%       1d8       1%          1
b - Searing Ray           Conj           100%       2d8       1%          2
c - Swiftness             Air            13%        N/A       12%         3
d - Airstrike             Air            6%         2d(1-17)  36%         4

Your spell library contained the following spells:

 Spells                   Type           Power      Damage    Failure   Level
 Shock                    Conj/Air       100%       1d9       1%          1
 Dazzling Flash           Conj/Hex       88%        N/A       1%          3
 Fulminant Prism          Conj/Hex       22%        3d12      4%          4
 Iskenderun's Mystic Bla  Conj/Tloc      44%        2d10      4%          4


Dungeon Overview and Level Annotations

Branches:
Dungeon (9/15)             Temple (0/1) D:4
   Lair: D:8-11         Orc: D:9-12

Altars:
Dithmenos
Gozag
Hepliaklqana
Kikubaaqudgha
Nemelex Xobeh
Okawaru

Shops:
D:3 *

Annotations:
D:9 Maggie


Innate Abilities, Weirdness & Mutations

Your life essence is reduced to manifest your ancestor. (-10% HP)
You have a pair of horns on your head.
You have an unusually large brain. (Int +2)
Spells you cast may paralyse nearby enemies.
Your system is resistant to poisons. (rPois)
Your muscles are strong. (Str +4, Int/Dex -1)


Message History

Aim: Maggie, wielding a +2 glaive of protection and wearing +0 steam dragon scales (lightly wounded, ally target, 100% to hit)
Belessunu avoids your attack.
The magic dart hits Maggie but does no damage.
Maggie is lightly wounded.
Malevolent energies surge around you.
Maggie says, "If you die in the Dungeon, but nobody's around to see it, does it really matter?"
Maggie hits Belessunu with a +2 glaive of protection!
Belessunu closely misses Maggie.
Casting: Magic Dart (safe; 1% risk of failure)
Confirm with . or Enter, or press ? or * to list all spells.
Aiming: Magic Dart (safe; 1% risk of failure)
Press: ? - help, Shift-Dir - straight line, f/p - Maggie
Aim: Maggie, wielding a +2 glaive of protection and wearing +0 steam dragon scales (lightly wounded, ally target, 100% to hit)
Belessunu avoids your attack.
The magic dart hits Maggie.
Maggie is moderately wounded.
Malevolent energies surge around you.
Belessunu blocks Maggie's attack.
Belessunu barely misses Maggie.
Casting: Magic Dart (safe; 1% risk of failure)
Confirm with . or Enter, or press ? or * to list all spells.
Aiming: Magic Dart (safe; 1% risk of failure)
Press: ? - help, Shift-Dir - straight line, f/p - Maggie
Aim: Maggie, wielding a +2 glaive of protection and wearing +0 steam dragon scales (moderately wounded, ally target, 100% to hit)
Belessunu avoids your attack.
The magic dart hits Maggie.
Maggie is moderately wounded.
Malevolent energies surge around you.
Belessunu blocks Maggie's attack.
Belessunu hits Maggie with a +0 flail.
Casting: Magic Dart (safe; 1% risk of failure)
Confirm with . or Enter, or press ? or * to list all spells.
Aiming: Magic Dart (safe; 1% risk of failure)
Press: ? - help, Shift-Dir - straight line, f/p - Maggie
Aim: Maggie, wielding a +2 glaive of protection and wearing +0 steam dragon scales (moderately wounded, ally target, 100% to hit)
Belessunu avoids your attack.
The magic dart hits Maggie but does no damage.
Maggie is moderately wounded.
Malevolent energies surge around you. Maggie gestures at you while chanting.
The bolt of fire hits Belessunu but does no damage.
The bolt of fire hits you!!
Ouch! That really hurt!
You die...

....................~.[~.~
...................~.~..~~
..>............#...~~~~†~~
.##.).@.......###...~~†~~†
##...R.....###.....♣~~~~
#........###......P~~~~
..##......>..#..#...~~~~~
.....)†..†......##..#♣♣♣♣
......#)††@.....# ###
....# #..####..## ... ####
#### .


You could see the friendly Belessunu the knight and Maggie (ally target).

Vanquished Creatures
  Erolcha (D:9)
  Pikel (D:4)
  A troll (D:9)
  2 yaks (D:8)
  3 steam dragons
  An orc warrior (D:6)
  An ice beast (D:7)
  A sky beast (D:7)
  A black bear (D:4)
  2 centaurs
  2 wolves
  An ogre (D:4)
  2 lemures (D:4)
  A kobold brigand (D:7)
  2 bullfrogs
  A necrophage (D:4)
  4 scorpions (D:5)
  4 wights
  3 killer bees (D:9)
  A howler monkey (D:7)
  3 electric eels (D:9)
  2 jellies
  A gnoll bouda (D:8)
  Natasha (thrice) (D:4)
  4 iguanas
  5 orc wizards
  5 gnolls
  6 adders
  3 shadow imps
  A white imp (D:7)
  2 worms
  3 dart slugs
  18 orcs
  5 endoplasms
  3 giant cockroaches (D:2)
  7 goblins
  5 hobgoblins
  6 jackals
  14 kobolds
  2 quokkas
  8 ball pythons
  5 bats
  2 frilled lizards
  2 rats
150 creatures vanquished.

Vanquished Creatures (collateral kills)
  Grinder (D:4)
  4 yaks (D:8)
  2 steam dragons (D:9)
  2 ice beasts (D:6)
  A phantom (D:4)
  A kobold brigand (D:6)
  A bullfrog (D:7)
  2 scorpions (D:5)
  2 wights
  7 killer bees (D:9)
  4 hounds (D:9)
  An orc priest (D:5)
  2 iguanas
  An orc wizard (D:6)
  2 gnolls (D:6)
  9 orcs
  A ball python (D:4)
  An endoplasm (D:1)
  A jackal (D:3)
  2 kobolds
47 creatures vanquished.

Vanquished Creatures (others)
  A howler monkey (D:5)
  2 knights
  10 plants (D:9)
13 creatures vanquished.

Grand Total: 210 creatures vanquished

Notes
Turn   | Place    | Note
-------+----------+-------------------------------------------
     0 | D:1      | purpskrrrp the Demonspawn Conjurer began the quest for the
                  | Orb.
     0 | D:1      | Reached XP level 1. HP: 13/13 MP: 3/3
    83 | D:1      | Found a faded altar of an unknown god.
   148 | D:1      | Prayed at the altar of an unknown god.
   148 | D:1      | Became a worshipper of Hepliaklqana the Forgotten
   148 | D:1      | Reached * piety under Hepliaklqana
   267 | D:1      | Gained mutation: You have an unusually large brain. (Int
                  | +2) [demonic ancestry]
   267 | D:1      | Reached XP level 2. HP: 17/17 MP: 5/5
   852 | D:2      | Learned a level 2 spell: Searing Ray
  1177 | D:2      | Gained mutation: You have a pair of small horns on your
                  | head. [demonic ancestry]
  1177 | D:2      | Reached XP level 3. HP: 21/21 MP: 3/6
  1971 | D:3      | Reached ** piety under Hepliaklqana
  1971 | D:3      | Found Sipp's General Store.
  1972 | D:3      | Remembered your ancestor Belessunu as a knight
  1983 | D:3      | Bought a potion of curing for 36 gold pieces
  1983 | D:3      | Bought a scroll of identify for 24 gold pieces
  2206 | D:3      | Reached XP level 4. HP: 27/27 MP: 1/8
  2537 | D:3      | Gained mutation: Your system is resistant to poisons.
                  | (rPois) [potion of mutation]
  2537 | D:3      | Gained mutation: You have hidden genetic potential. [potion
                  | of mutation]
  3532 | D:4      | Noticed a necrophage
  3541 | D:4      | Killed a necrophage
  3662 | D:4      | Reached skill level 5 in Conjurations
  3662 | D:4      | Gained mutation: Spells you cast may paralyse adjacent
                  | enemies. [demonic ancestry]
  3662 | D:4      | Reached XP level 5. HP: 26/31 MP: 0/9
  3674 | D:4      | Gained mutation: Your muscles are strong. (Str +4, Int/Dex
                  | -1) [hidden potential]
  3769 | D:4      | Noticed Natasha
  3773 | D:4      | Killed Natasha
  3927 | D:4      | Noticed an ogre
  3935 | D:4      | Killed an ogre
  3936 | D:4      | Reached XP level 6. HP: 36/36 MP: 3/11
  4003 | D:4      | Gained mutation: You have a pair of horns on your head.
                  | [hidden potential]
  4003 | D:4      | Lost mutation: You have hidden genetic potential. [hidden
                  | potential expressed]
  4170 | D:4      | Noticed Pikel
  4440 | D:4      | Killed Pikel
  4441 | D:4      | Reached skill level 6 in Conjurations
  4441 | D:4      | Gained mutation: Spells you cast may paralyse nearby
                  | enemies. [demonic ancestry]
  4441 | D:4      | Reached XP level 7. HP: 38/41 MP: 1/14
  4547 | D:4      | Reached skill level 5 in Spellcasting
  4615 | D:4      | Found a staircase to the Ecumenical Temple.
  4724 | D:4      | Noticed Natasha
  4727 | D:4      | Noticed Grinder
  4729 | D:4      | Killed Natasha
  4730 | D:4      | Reached skill level 5 in Dodging
  4740 | D:4      | Killed Grinder
  4741 | D:4      | Reached XP level 8. HP: 46/46 MP: 7/16
  4796 | D:4      | Noticed Natasha
  4799 | D:4      | Killed Natasha
  4890 | D:4      | Found an opulent altar of Gozag.
  5022 | D:5      | Entered Level 5 of the Dungeon
  5169 | D:5      | Identified the +2 sling of Immorality {vorpal, rElec rC+
                  | Will- rCorr}
  5173 | D:5      | Found an ancient bone altar of Kikubaaqudgha.
  5185 | D:5      | Reached skill level 7 in Conjurations
  5600 | D:5      | Reached *** piety under Hepliaklqana
  6567 | D:6      | Reached XP level 9. HP: 49/51 MP: 9/18
  6645 | D:6      | Learned a level 3 spell: Swiftness
  6650 | D:6      | Learned a level 4 spell: Airstrike
  6667 | D:6      | Found a sparkling altar of Nemelex Xobeh.
  6933 | D:6      | Reached skill level 8 in Conjurations
  7047 | D:6      | Identified the +1 ring mail of Disappointment {rElec rPois
                  | Will-}
  7867 | D:6      | Found an iron altar of Okawaru.
  9034 | D:7      | Reached **** piety under Hepliaklqana
 10025 | D:8      | Reached skill level 9 in Conjurations
 10252 | D:8      | Reached XP level 10. HP: 56/56 MP: 11/21
 10780 | D:8      | Found a shadowy altar of Dithmenos.
 11292 | D:9      | Noticed Erolcha
 11748 | D:9      | Identified the ring of the Unkillable {rF+ rN+ Int-3 Dex+3}
 11942 | D:9      | Killed Erolcha
 11943 | D:9      | Reached skill level 10 in Conjurations
 12049 | D:9      | Noticed Maggie
 12058 | D:9      | Killed from afar by Maggie

Illustrated notes

Levels and vault maps discovered:
D:1:      shiori_arrival_maze, layout_basic, ebering_ecumenical_altar_mist
D:2:      layout_loops_ring
D:3:      layout_rooms, serial_rivers, chequers_serial_rivers_large_b,
          chequers_serial_rivers_micro_c, chequers_serial_rivers_micro_b,
          chequers_serial_rivers_micro_c, chequers_serial_rivers_small_a,
          chequers_serial_rivers_marsh, serial_shops, shop,
          chequers_decorated_corner
D:4:      layout_basic, grunt_gozag_breadcrumbs,
          minmay_temple_entry_sparse_star, kennysheep_path_1, uniq_natasha,
          uniq_grinder, uniq_pikel
D:5:      layout_basic, lemuel_crystal_altar, lemuel_crystal_altar
D:6:      layout_rooms, okawaru_altar_gauntlet_db,
          nemelex_xobeh_ov_fountains_minmay
D:7:      layout_layer_cave
D:8:      layout_loops_corners, kennysheep_mini_moat, st_stairs_8
D:9:      layout_cave_pools, erik_lair_island, serial_bayou,
          serial_bayou_shore_a, serial_bayou_ford_a, serial_bayou_shore_b,
          serial_bayou_pond_c, columned_hall_lemuel,
          nicolae_shop_i_like_big_books, hangedman_tell_no_tales, uniq_maggie,
          uniq_erolcha

Skill      XL: |  1  2  3  4  5  6  7  8  9 10 |
---------------+-------------------------------+-----
Dodging        | 2 3 4 5 6 7 9 |  9.0
Spellcasting   | 3 4 5 6 7 9 |  9.0
Conjurations   | 5 6 7 9 10 | 10.3
Stealth        | |  1.7

Action                   |  1- 3 |  4- 6 |  7- 9 | 10-12 || total
-------------------------+-------+-------+-------+-------++-------
Melee: Unarmed           |    51 |    12 |       |       ||    63
       Headbutt          |     4 |     4 |     1 |       ||     9
       Dagger            |       |       |     3 |     3 ||     6
 Cast: Magic Dart        |    78 |    65 |   207 |    63 ||   413
       Searing Ray       |       |     3 |    30 |    17 ||    50
Invok: Ancestor Identity |     1 |       |       |       ||     1
       Ancestor Life: Kn |     1 |       |       |       ||     1
       Recall Ancestor   |       |     3 |       |       ||     3
  Use: Scroll            |       |    12 |     6 |       ||    18
       Potion            |       |     1 |     2 |       ||     3
Armor: Robe              |    13 |       |     2 |       ||    15
       Steam dragon scal |       |       |       |     2 ||     2
Dodge: Dodged            |    47 |    19 |    21 |    24 ||   111

Table legend: (Time is in decaauts)
 A = Elapsed time spent in this place.
 B = Non-inter-level travel time spent in this place.
 C = Inter-level travel time spent in this place.
 D = Time resting spent in this place.
 E = Time spent auto-exploring this place.
 F = Levels seen in this place.
 G = Mean time per level.
                   A        B        C        D        E       F      G
               +--------+--------+--------+--------+--------+-----+--------+
         Total |  12088 |  11633 |    455 |   3543 |   6755 |   9 | 1343.1 |
       Dungeon |  12088 |  11633 |    455 |   3543 |   6755 |   9 | 1343.1 |
               +--------+--------+--------+--------+--------+-----+--------+

Top non-repeatable levels by time:
     D:6: 2137 daAuts
     D:3: 1855 daAuts
     D:8: 1589 daAuts
     D:5: 1535 daAuts
     D:4: 1357 daAuts
     D:7: 1266 daAuts
     D:2: 1039 daAuts
     D:1: 801 daAuts
     D:9: 506 daAuts
